Workbook

Sheet Mode d'emploi
A1: ♡ MODE D'EMPLOI — SUIVI DE FINANCES PERSONNELLES
A3: Bienvenue !
A5: Bienvenue dans votre outil de gestion des finances personnelles !
A7: Ce fichier est conçu pour vous aider à organiser vos revenus, à planifier vos dépenses et à suivre votre budget mensuel simplement. Les calculs sont automatisés pour vous permettre de mieux comprendre votre situation financière.
A9: Public cible — Retraités bénéficiant de pensions de retraite et de revenus complémentaires (immobiliers, allocations)
A11: Fréquence — mensuelle
A13: ÉTAPE 1 : DÉCOUVRIR LES 3 ONGLETS
A15: Votre fichier comprend trois onglets :
A17: Mode d'emploi — Pour comprendre le fonctionnement du fichier et découvrir les étapes à suivre.
A19: Budget — Pour planifier vos revenus et vos dépenses du mois.
A21: Suivi mensuel — Pour enregistrer vos revenus et vos dépenses réels, comparer les montants prévus aux montants réalisés et consulter un tableau de bord présentant les principaux indicateurs de votre budget.
A23: ÉTAPE 2 : COMPRENDRE LES NOTIONS CLÉS
... A77: Personnalisez votre fichier selon vos besoins, en prenant soin de préserver les formules.

Sheet Budget
E2: BUDGET PERSONNEL
E4: REVENUS
E5: Revenus sociaux | F5: Janv | G5: Févr | H5: Mars | I5: Avr | J5: Mai | K5: Juin | L5: Juil | M5: Août | N5: Sept | O5: Oct | P5: Nov | Q5: Déc | R5: Total
E6: Pension de retraite | F6: 1500 | R6: =SUM(F6:Q6) -> 1500
E7: Allocations | F7: 350 | R7: =SUM(F7:Q7) -> 350
E8: Autres aides sociales | F8: 0 | R8: =SUM(F8:Q8) -> 0
E9: Total | F9: =SUM(F6:F8) -> 1850 | G9: =SUM(G6:G8) -> 0 | H9: =SUM(H6:H8) -> 0 | I9: =SUM(I6:I8) -> 0 | J9: =SUM(J6:J8) -> 0 | K9: =SUM(K6:K8) -> 0 | L9: =SUM(L6:L8) -> 0 | M9: =SUM(M6:M8) -> 0 | ... Q9: =SUM(Q6:Q8) -> 0 | R9: =SUM(F9:Q9) -> 1850
E11: Revenus immobiliers | F11: Janv | G11: Févr | H11: Mars | I11: Avr | J11: Mai | K11: Juin | L11: Juil | M11: Août | N11: Sept | O11: Oct | P11: Nov | Q11: Déc | R11: Total
E12: Location local commercial | F12: 0 | R12: =SUM(F12:Q12) -> 0
E13: Location appartement | F13: 900 | R13: =SUM(F13:Q13) -> 900
E14: Location terrain | F14: 0 | R14: =SUM(F14:Q14) -> 0
E15: Total | F15: =SUM(F12:F14) -> 900 | G15: =SUM(G12:G14) -> 0 | H15: =SUM(H12:H14) -> 0 | I15: =SUM(I12:I14) -> 0 | J15: =SUM(J12:J14) -> 0 | K15: =SUM(K12:K14) -> 0 | L15: =SUM(L12:L14) -> 0 | M15: =SUM(M12:M14) -> 0 | ... Q15: =SUM(Q12:Q14) -> 0 | R15: =SUM(F15:Q15) -> 900
E18: DEPENSES
E19: Logement & dépenses courantes | F19: Janv | G19: Févr | H19: Mars | I19: Avr | J19: Mai | K19: Juin | L19: Juil | M19: Août | N19: Sept | O19: Oct | P19: Nov | Q19: Déc | R19: Total
E20: Eau | F20: 40 | R20: =SUM(F20:Q20) -> 40
E21: Electricité | F21: 50 | R21: =SUM(F21:Q21) -> 50
E22: Internet & téléphonie | F22: 40 | R22: =SUM(F22:Q22) -> 40
E23: Gaz | F23: 60 | R23: =SUM(F23:Q23) -> 60
E24: Entretien & équipement | F24: 200 | R24: =SUM(F24:Q24) -> 200
E25: Total | F25: =SUM(F20:F24) -> 390 | G25: =SUM(G20:G24) -> 0 | H25: =SUM(H20:H24) -> 0 | I25: =SUM(I20:I24) -> 0 | J25: =SUM(J20:J24) -> 0 | K25: =SUM(K20:K24) -> 0 | L25: =SUM(L20:L24) -> 0 | M25: =SUM(M20:M24) -> 0 | ... Q25: =SUM(Q20:Q24) -> 0 | R25: =SUM(F25:Q25) -> 390
E26: Alimentation & vie quotidienne
E27: Alimentation | F27: 350 | R27: =SUM(F27:Q27) -> 350
E28: Hygiène & Soins personnels | F28: 70 | R28: =SUM(F28:Q28) -> 70
E29: Habillement | F29: 0 | R29: =SUM(F29:Q29) -> 0
E30: Aide à domicile & services | F30: 300 | R30: =SUM(F30:Q30) -> 300
E31: Total | F31: =SUM(F27:F30) -> 720 | G31: =SUM(G27:G30) -> 0 | H31: =SUM(H27:H30) -> 0 | I31: =SUM(I27:I30) -> 0 | J31: =SUM(J27:J30) -> 0 | K31: =SUM(K27:K30) -> 0 | L31: =SUM(L27:L30) -> 0 | M31: =SUM(M27:M30) -> 0 | ... Q31: =SUM(Q27:Q30) -> 0 | R31: =SUM(F31:Q31) -> 720
E32: Santé & bien être
E33: Frais médicaux | F33: 30 | R33: =SUM(F33:Q33) -> 30
E34: Pharmacie | F34: 50 | R34: =SUM(F34:Q34) -> 50
E35: Mutuelle et assurance santé | F35: 150 | R35: =SUM(F35:Q35) -> 150
E36: Activités physiques | F36: 100 | R36: =SUM(F36:Q36) -> 100
E37: Total | F37: =SUM(F33:F36) -> 330 | G37: =SUM(G33:G36) -> 0 | H37: =SUM(H33:H36) -> 0 | I37: =SUM(I33:I36) -> 0 | J37: =SUM(J33:J36) -> 0 | K37: =SUM(K33:K36) -> 0 | L37: =SUM(L33:L36) -> 0 | M37: =SUM(M33:M36) -> 0 | ... Q37: =SUM(Q33:Q36) -> 0 | R37: =SUM(F37:Q37) -> 330
E38: Transport
E39: Carburant & péage | F39: 0 | R39: =SUM(F39:Q39) -> 0
E40: Transports en commun et taxis | F40: 100 | R40: =SUM(F40:Q40) -> 100
E41: Entretien véhicule | F41: 0 | R41: =SUM(F41:Q41) -> 0
E42: Total | F42: =SUM(F39:F41) -> 100 | G42: =SUM(G39:G41) -> 0 | H42: =SUM(H39:H41) -> 0 | I42: =SUM(I39:I41) -> 0 | J42: =SUM(J39:J41) -> 0 | K42: =SUM(K39:K41) -> 0 | L42: =SUM(L39:L41) -> 0 | M42: =SUM(M39:M41) -> 0 | ... Q42: =SUM(Q39:Q41) -> 0 | R42: =SUM(F42:Q42) -> 100
E43: Impôts, assurances et frais financiers | R43: Total
E44: Impôt sur le revenu | F44: 0 | R44: =SUM(F44:Q44) -> 0
E45: Taxe foncière | F45: 140 | R45: =SUM(F45:Q45) -> 140
E46: Autres taxes | F46: 20 | R46: =SUM(F46:Q46) -> 20
E47: Assurance habitation | F47: 45 | R47: =SUM(F47:Q47) -> 45
E48: Assurance auto | F48: 0 | R48: =SUM(F48:Q48) -> 0
E49: Assurance prévoyance | F49: 150 | R49: =SUM(F49:Q49) -> 150
E50: Crédit immobilier | F50: 0 | R50: =SUM(F50:Q50) -> 0
E51: Crédit auto | F51: 0 | R51: =SUM(F51:Q51) -> 0
E52: Frais bancaires | F52: 20 | R52: =SUM(F52:Q52) -> 20
E53: Total | F53: =SUM(F44:F52) -> 375 | G53: =SUM(G44:G52) -> 0 | H53: =SUM(H44:H52) -> 0 | I53: =SUM(I44:I52) -> 0 | J53: =SUM(J44:J52) -> 0 | K53: =SUM(K44:K52) -> 0 | L53: =SUM(L44:L52) -> 0 | M53: =SUM(M44:M52) -> 0 | ... Q53: =SUM(Q44:Q52) -> 0 | R53: =SUM(F53:Q53) -> 375
E55: Famille, loisirs & vie sociale
E56: Soutien familial | F56: 150 | R56: =SUM(F56:Q56) -> 150
E57: Cadeaux | F57: 100 | R57: =SUM(F57:Q57) -> 100
E58: Sorties & restaurants | F58: 0 | R58: =SUM(F58:Q58) -> 0
E59: Abonnemets média | F59: 50 | R59: =SUM(F59:Q59) -> 50
E60: Clubs/associations | F60: 100 | R60: =SUM(F60:Q60) -> 100
E61: Voyages et vacances | F61: 200 | R61: =SUM(F61:Q61) -> 200
E62: Total | F62: =SUM(F56:F61) -> 600 | G62: =SUM(G56:G61) -> 0 | H62: =SUM(H56:H61) -> 0 | I62: =SUM(I56:I61) -> 0 | J62: =SUM(J56:J61) -> 0 | K62: =SUM(K56:K61) -> 0 | L62: =SUM(L56:L61) -> 0 | M62: =SUM(M56:M61) -> 0 | ... Q62: =SUM(Q56:Q61) -> 0 | R62: =SUM(F62:Q62) -> 600
E64: Epargne & Imprévus
E65: Epargne | F65: 0 | R65: =SUM(F65:Q65) -> 0
E66: Dépenses imprévues | F66: 0 | R66: =SUM(F66:Q66) -> 0
E67: Total | F67: =F65+F66 -> 0 | G67: =G65+G66 -> 0 | H67: =H65+H66 -> 0 | I67: =I65+I66 -> 0 | J67: =J65+J66 -> 0 | K67: =K65+K66 -> 0 | L67: =L65+L66 -> 0 | M67: =M65+M66 -> 0 | ... Q67: =Q65+Q66 -> 0 | R67: =SUM(F67:Q67) -> 0
E70: TOTAUX | F70: Janv | G70: Févr | H70: Mars | I70: Avr | J70: Mai | K70: Juin | L70: Juil | M70: Août | N70: Sept | O70: Oct | P70: Nov | Q70: Déc | R70: Année
E71: Revenus | F71: =F9+F15 -> 2750 | G71: =G9+G15 -> 0 | H71: =H9+H15 -> 0 | I71: =I9+I15 -> 0 | J71: =J9+J15 -> 0 | K71: =K9+K15 -> 0 | L71: =L9+L15 -> 0 | M71: =M9+M15 -> 0 | ... R71: =R9+R15 -> 2750
E72: Dépenses | F72: =SUM(F25,F31,F37,F42,F53,F62,F67) -> 2515 | G72: =SUM(G25,G31,G37,G42,G53,G62,G67) -> 0 | H72: =SUM(H25,H31,H37,H42,H53,H62,H67) -> 0 | I72: =SUM(I25,I31,I37,I42,I53,I62,I67) -> 0 | J72: =SUM(J25,J31,J37,J42,J53,J62,J67) -> 0 | K72: =SUM(K25,K31,K37,K42,K53,K62,K67) -> 0 | L72: =SUM(L25,L31,L37,L42,L53,L62,L67) -> 0 | M72: =SUM(M25,M31,M37,M42,M53,M62,M67) -> 0 | ... R72: =SUM(R25,R31,R37,R42,R53,R62,R67) -> 2515
E73: Différence | F73: =F71-F72 -> 235 | G73: =G71-G72 -> 0 | H73: =H71-H72 -> 0 | I73: =I71-I72 -> 0 | J73: =J71-J72 -> 0 | K73: =K71-K72 -> 0 | L73: =L71-L72 -> 0 | M73: =M71-M72 -> 0 | ... R73: =R71-R72 -> 235

Sheet Suivi mensuel
B2: Suivi mensuel du Budget
B4: Mois : Janvier
B6: Catégorie | C6: Montant Prévu | D6: Montant Réalisé | E6: Solde budgétaire | F6: % Dépenses
B7: Pension de retraite | C7: =Budget!F6 -> 1500 | D7: 1500 | E7: =C7-D7 -> 0
B8: Allocations | C8: =Budget!F7 -> 350 | D8: 320 | E8: =C8-D8 -> 30
B9: Autres aides sociales | C9: =Budget!F8 -> 0 | D9: 0 | E9: =C9-D9 -> 0
B10: Location local commercial | C10: =Budget!F12 -> 0 | D10: 0 | E10: =C10-D10 -> 0
B11: Location appartement | C11: =Budget!F13 -> 900 | D11: 900 | E11: =C11-D11 -> 0
B12: Location terrain | C12: =Budget!F14 -> 0 | D12: 0 | E12: =C12-D12 -> 0
B13: TOTAL REVENUS | C13: =SUM(C7:C12) -> 2750 | D13: =SUM(D7:D12) -> 2720 | E13: =SUM(E7:E12) -> 30
B15: Eau | C15: =IF(B15=Budget!E20,Budget!F20) -> 40 | D15: 35 | E15: =C15-D15 -> 5 | F15: =D15/$C$63 -> 0.014158576
B16: Electricité | C16: =IF(B16=Budget!E21,Budget!F21) -> 50 | D16: 60 | E16: =C16-D16 -> -10 | F16: =D16/$C$63 -> 0.024271845
B17: Internet & téléphonie | C17: =IF(B17=Budget!E22,Budget!F22) -> 40 | D17: 37 | E17: =C17-D17 -> 3 | F17: =D17/$C$63 -> 0.014967638
B18: Gaz | C18: =IF(B18=Budget!E23,Budget!F23) -> 60 | D18: 50 | E18: =C18-D18 -> 10 | F18: =D18/$C$63 -> 0.020226537
B19: Entretien & équipement | C19: =IF(B19=Budget!E24,Budget!F24) -> 200 | D19: 150 | E19: =C19-D19 -> 50 | F19: =D19/$C$63 -> 0.060679612
B20: Logement & dépenses courantes | C20: =SUM(C15:C19) -> 390 | D20: =SUM(D15:D19) -> 332 | E20: =SUM(E15:E19) -> 58
B21: Alimentation | C21: =IF(B21=Budget!E27,Budget!F27) -> 350 | D21: 290 | E21: =+C21-D21 -> 60 | F21: =D21/$C$63 -> 0.11731392
B22: Hygiène & Soins personnels | C22: =IF(B22=Budget!E28,Budget!F28) -> 70 | D22: 50 | E22: =+C22-D22 -> 20 | F22: =D22/$C$63 -> 0.020226537
B23: Habillement | C23: =IF(B23=Budget!E29,Budget!F29) -> 0 | D23: 20 | E23: =+C23-D23 -> -20 | F23: =D23/$C$63 -> 0.0080906149
B24: Aide à domicile & services | C24: =IF(B24=Budget!E30,Budget!F30) -> 300 | D24: 350 | E24: =+C24-D24 -> -50 | F24: =D24/$C$63 -> 0.14158576
B25: Alimentation & vie quotidienne | C25: =SUM(C21:C24) -> 720 | D25: =SUM(D21:D24) -> 710 | E25: =SUM(E21:E24) -> 10
B26: Frais médicaux | C26: =IF(B26=Budget!E33,Budget!F33) -> 30 | D26: 60 | E26: =C26-D26 -> -30 | F26: =D26/$C$63 -> 0.024271845
B27: Pharmacie | C27: =IF(B27=Budget!E34,Budget!F34) -> 50 | D27: 45 | E27: =C27-D27 -> 5 | F27: =D27/$C$63 -> 0.018203883
B28: Mutuelle et assurance santé | C28: =IF(B28=Budget!E35,Budget!F35) -> 150 | D28: 150 | E28: =C28-D28 -> 0 | F28: =D28/$C$63 -> 0.060679612
B29: Activités physiques | C29: =IF(B29=Budget!E36,Budget!F36) -> 100 | D29: 80 | E29: =C29-D29 -> 20 | F29: =D29/$C$63 -> 0.03236246
B30: Santé & bien être | C30: =SUM(C26:C29) -> 330 | D30: =SUM(D26:D29) -> 335 | E30: =SUM(E26:E29) -> -5
B31: Carburant & péage | C31: =IF(B31=Budget!E39,Budget!F39) -> 0 | D31: 0 | E31: =C31-D31 -> 0 | F31: =D31/$C$63 -> 0
B32: Transports en commun et taxis | C32: =IF(B32=Budget!E40,Budget!F40) -> 100 | D32: 120 | E32: =C32-D32 -> -20 | F32: =D32/$C$63 -> 0.048543689
B33: Entretien véhicule | C33: =IF(B33=Budget!E41,Budget!F41) -> 0 | D33: 0 | E33: =C33-D33 -> 0 | F33: =D33/$C$63 -> 0
B34: Transport | C34: =SUM(C31:C33) -> 100 | D34: =SUM(D31:D33) -> 120 | E34: =SUM(E31:E33) -> -20
B35: Impôt sur le revenu | C35: =IF(B35=Budget!E44,Budget!F44) -> 0 | D35: 0 | E35: =C35-D35 -> 0 | F35: =D35/$C$63 -> 0
B36: Taxe foncière | C36: =IF(B36=Budget!E45,Budget!F45) -> 140 | D36: 110 | E36: =C36-D36 -> 30 | F36: =D36/$C$63 -> 0.044498382
B37: Autres taxes | C37: =IF(B37=Budget!E46,Budget!F46) -> 20 | D37: 30 | E37: =C37-D37 -> -10 | F37: =D37/$C$63 -> 0.012135922
B38: Assurance habitation | C38: =IF(B38=Budget!E47,Budget!F47) -> 45 | D38: 50 | E38: =C38-D38 -> -5 | F38: =D38/$C$63 -> 0.020226537
B39: Assurance auto | C39: =IF(B39=Budget!E48,Budget!F48) -> 0 | D39: 0 | E39: =C39-D39 -> 0 | F39: =D39/$C$63 -> 0
B40: Assurance prévoyance | C40: =IF(B40=Budget!E49,Budget!F49) -> 150 | D40: 150 | E40: =C40-D40 -> 0 | F40: =D40/$C$63 -> 0.060679612
B41: Crédit immobilier | C41: =IF(B41=Budget!E50,Budget!F50) -> 0 | D41: 0 | E41: =C41-D41 -> 0 | F41: =D41/$C$63 -> 0
B42: Crédit auto | C42: =IF(B42=Budget!E51,Budget!F51) -> 0 | D42: 0 | E42: =C42-D42 -> 0 | F42: =D42/$C$63 -> 0
B43: Frais bancaires | C43: =IF(B43=Budget!E52,Budget!F52) -> 20 | D43: 25 | E43: =C43-D43 -> -5 | F43: =D43/$C$63 -> 0.010113269
B44: Impôts, assurances et frais financiers | C44: =SUM(C35:C43) -> 375 | D44: =SUM(D35:D43) -> 365 | E44: =SUM(E35:E43) -> 10
B45: Soutien familial | C45: =IF(B45=Budget!E56,Budget!F56) -> 150 | D45: 100 | E45: =C45-D45 -> 50 | F45: =D45/$C$63 -> 0.040453074
B46: Cadeaux | C46: =IF(B46=Budget!E57,Budget!F57) -> 100 | D46: 60 | E46: =C46-D46 -> 40 | F46: =D46/$C$63 -> 0.024271845
B47: Sorties & restaurants | C47: =IF(B47=Budget!E58,Budget!F58) -> 0 | D47: 20 | E47: =C47-D47 -> -20 | F47: =D47/$C$63 -> 0.0080906149
B48: Abonnemets média | C48: =IF(B48=Budget!E59,Budget!F59) -> 50 | D48: 60 | E48: =C48-D48 -> -10 | F48: =D48/$C$63 -> 0.024271845
B49: Clubs/associations | C49: =IF(B49=Budget!E60,Budget!F60) -> 100 | D49: 120 | E49: =C49-D49 -> -20 | F49: =D49/$C$63 -> 0.048543689
B50: Voyages et vacances | C50: =IF(B50=Budget!E61,Budget!F61) -> 200 | D50: 150 | E50: =C50-D50 -> 50 | F50: =D50/$C$63 -> 0.060679612
B51: Famille, loisirs & vie sociale | C51: =SUM(C45:C50) -> 600 | D51: =SUM(D45:D50) -> 510 | E51: =SUM(E45:E50) -> 90
B52: Epargne | C52: =IF(B52=Budget!E65,Budget!F65) -> 0 | D52: 100 | E52: =C52-D52 -> -100 | F52: =D52/$C$63 -> 0.040453074
B53: Dépenses imprévues | C53: =IF(B53=Budget!E66,Budget!F58) -> 0 | D53: 0 | E53: =C53-D53 -> 0 | F53: =D53/$C$63 -> 0
B54: Epargne & Imprévus | C54: =SUM(C52:C53) -> 0 | D54: =SUM(D52:D53) -> 100 | E54: =SUM(E52:E53) -> -100 | F54: =D54/$C$63 -> 0.040453074
B56: TOTAL DEPENSES | C56: =C20+C25+C30+C34+C44+C51+C54 -> 2515 | D56: =D20+D25+D30+D34+D44+D51+D54 -> 2472 | E56: =+C56-D56 -> 43
B60: Tableau de bord
B62: Revenus perçus | C62: =+D13 -> 2720
B63: Dépenses réalisées | C63: =D20+D25+D30+D34+D44+D51+D54 -> 2472
B64: Montant restant | C64: =C62-C63 -> 248
B65: Catégorie la plus dépensière | C65: =INDEX(B15:B54,MATCH(MAX(F15:F54),F15:F54,0)) -> Aide à domicile & services
B66: % d'épargne | C66: =D52/C62 -> 0.036764706
